 Dungeon Crawl Stone Soup version 0.30-a0-913-g9934a0ce24 (webtiles) character file.

Game seed: 5079598726193235360

347 jasper the Charlatan (level 6, 0/44 HPs)
             Began as a Demonspawn Wanderer on Mar 19, 2023.
             Slain by an orc
             ... wielding a +0 whip
              (3 damage)
             ... on level 4 of the Dungeon.
             The game lasted 00:10:08 (3041 turns).

jasper the Charlatan (Demonspawn Wanderer)          Turns: 3041, Time: 00:10:09

Health: 0/44       AC:  7    Str: 18    XL:     6   Next: 32%
Magic:  7/7        EV:  9    Int: 10    God:
Gold:   187        SH:  5    Dex: 12    Spells: 7/7 levels left

rFire   . . .      SeeInvis .    y - +0 halberd (venom)
rCold   . . .      Faith    .    (shield currently unavailable)
rNeg    . . .      Spirit   .    p - +0 scale mail
rPois   .          Reflect  +    c - +0 helmet
rElec   .          Rampage  .    (no cloak)
rCorr   +                        (no gloves)
Will    .....                    (no boots) Stlth
                                 d - amulet of reflection
HPRegen 0.27/turn                u - ring of resist corrosion
MPRegen 0.10/turn                (no ring)

@: no status effects
A: hooves 1, condensation shield, demonic magic 1, weakness stinger 1
a: no special abilities


You were on level 4 of the Dungeon.
You visited 1 branch of the dungeon, and saw 4 of its levels.

You collected 187 gold pieces.

Inventory:

Hand Weapons
 a - a +2 mace
 g - a +0 hand axe
 y - a +0 halberd of venom (weapon)
Missiles
 h - 6 stones (quivered)
Armour
 c - a +0 helmet (worn)
 p - a +0 scale mail (worn)
 q - an orb of light
Jewellery
 d - an amulet of reflection (around neck)
 u - a ring of resist corrosion (left hand)
 w - a ring of poison resistance
Wands
 o - a wand of polymorph (9)
Scrolls
 b - 2 scrolls of fog
 f - a scroll of vulnerability {unknown}
 i - a scroll of amnesia {unknown}
 k - a scroll of fear {unknown}
 l - a scroll of butterflies {unknown}
 n - a scroll of enchant armour {unknown}
 s - a scroll of enchant weapon {unknown}
 t - a scroll of poison
 x - a scroll of immolation {unknown}
 A - a scroll of teleportation {unknown}
 B - a scroll of magic mapping {unknown}
Potions
 e - 4 potions of curing
 j - a potion of magic
 m - a potion of attraction
 r - a potion of brilliance {unknown}
 v - a potion of invisibility
 z - a potion of might {unknown}


   Skills:
 - Level 2.0 Fighting
 - Level 4.1(4.9) Axes
 - Level 3.7(4.6) Maces & Flails
 - Level 1.7 Stealth
 - Level 1.0 Spellcasting
 + Level 4.2 Evocations


You had 7 spell levels left.
You didn't know any spells.
Your spell library contained the following spells:

 Spells                   Type           Power      Damage    Failure   Level
 Sandblast                Erth           0%         2d4       75%         1
 Summon Small Mammal      Summ           0%         N/A       75%         1
 Cigotuvi's Dreadful Rot  Necr/Pois/Air  0%         N/A       87%         2
 Passwall                 Tmut/Erth      0%         N/A       87%         2
 Poisonous Vapours        Pois/Air       0%         N/A       87%         2
 Call Canine Familiar     Summ           0%         N/A       98%         3
 Mephitic Cloud           Conj/Pois/Air  0%         N/A       98%         3
 Stone Arrow              Conj/Erth      0%         3d7       98%         3
 Summon Guardian Golem    Hex/Summ       0%         N/A       98%         3


Dungeon Overview and Level Annotations

Branches:
Dungeon (4/15)
 Temple: D:4-7

Altars:


Innate Abilities, Weirdness & Mutations

You have large cloven feet.
A meltable shield of frost defends you. (SH +0)
Spells you cast may paralyse adjacent enemies.
You have a small tail.


Message History

You miss something. You kick something.
The orc wizard hits you with a +0 dagger.
Something hits you but does no damage. You block the orc wizard's attack.
Something hits you but does no damage.
You barely miss something. Your kick misses something.
The orc wizard hits you but does no damage.
The orc hits you but does no damage. Something hits you but does no damage.
You miss something. You kick something. The orc wizard completely misses you.
You block something's attack. You block the orc's attack. x2
Something hits you.
The orc wizard hits you with a +0 dagger.
The orc closely misses you.
You take 7 damage, and have 33/44 hp.
You miss something.
Your tail-slap misses something.
The orc wizard points at you and mumbles some strange words.
The puff of flame hits you!
Your condensation shield dissipates!
The orc hits you with a +0 heavy flail!
* * * LOW HITPOINT WARNING * * *
Something hits you.
* * * LOW HITPOINT WARNING * * *
The orc closely misses you.
You take 23 damage, and have 10/44 hp.
MASSIVE DAMAGE!!
You closely miss something.
The orc wizard hits you but does no damage.
Something hits you.
* * * LOW HITPOINT WARNING * * *
The orc hits you with a +0 whip.
* * * LOW HITPOINT WARNING * * *
The orc hits you with a +0 heavy flail.
* * * LOW HITPOINT WARNING * * *
You take 5 damage, and have 5/44 hp.
You miss something.
The orc wizard points at you and mumbles some strange words.
The magic dart hits you.
* * * LOW HITPOINT WARNING * * *
Something hits you but does no damage. You block the orc's attack.
The orc closely misses you. Something hits you but does no damage.
The orc wizard closely misses you. The orc hits you with a +0 whip.
You die...

#....##...##.#.#.### #.# ### #
...)<........#.....## #.# #.# #
#....#######.#.#.####.##.####.###
############.....#....#..........
#######....##....#.##......##.###
...........##....#.# #....##.#
...........##......# #....)..#
...............)oo### #...#####
.......##.......@o..# #...#
.......##....#.##{#.###.###
.......##....'.##.#.o...#
.......##....#.##.##..###
.......#######.†..##>### .......#
######.#....# .......#
#......#..#.# .......#
#......'..#.# .......#
#......##...#


You could see an orc wizard and 2 orcs.

Vanquished Creatures
  A phantom (D:4)
  A scorpion (D:4)
  A hound (D:4)
  Jessica (D:3)
  3 adders
  A gnoll (D:3)
  A white imp (D:3)
  A worm (D:2)
  3 dart slugs
  2 orcs (D:4)
  3 ball pythons
  3 endoplasms
  3 giant cockroaches
  8 goblins
  16 hobgoblins
  25 jackals
  6 quokkas
  4 bats
  2 frilled lizards
  5 kobolds
  3 rats (D:1)
93 creatures vanquished.

Notes
Turn   | Place    | Note
-------+----------+-------------------------------------------
     0 | D:1      | jasper the Demonspawn Wanderer began the quest for the Orb.
     0 | D:1      | jasper set off with the following items: a +2 mace, 2
                  | scrolls of fog, a +0 helmet, a +0 leather armour.
     0 | D:1      | Reached XP level 1. HP: 16/16 MP: 2/2
   113 | D:1      | Reached skill level 1 in Axes
   119 | D:1      | Gained mutation: A meltable shield of frost defends you.
                  | (SH +0) [demonic ancestry]
   119 | D:1      | Reached XP level 2. HP: 14/22 MP: 3/3
   420 | D:1      | Gained mutation: Spells you cast may paralyse adjacent
                  | enemies. [demonic ancestry]
   420 | D:1      | Reached XP level 3. HP: 26/27 MP: 4/4
  1024 | D:2      | Reached XP level 4. HP: 33/33 MP: 5/5
  1612 | D:3      | Noticed Jessica
  1617 | D:3      | Killed Jessica
  1759 | D:3      | Discovered your monstrous ancestry.
  1759 | D:3      | Gained mutation: You have large cloven feet. [demonic
                  | ancestry]
  1759 | D:3      | Reached XP level 5. HP: 14/38 MP: 6/6
  2451 | D:4      | Noticed a phantom
  2756 | D:4      | Killed a phantom
  2757 | D:4      | Gained mutation: You have a small tail. [demonic ancestry]
  2757 | D:4      | Reached XP level 6. HP: 16/44 MP: 7/7
  3041 | D:4      | Slain by an orc

Illustrated notes

Levels and vault maps discovered:
D:1:      giann_forest_graveyard, layout_loops_ring,
          minmay_misc_feat_nine_boxes, minmay_split_cup_large
D:2:      minmay_alternating_diamond, layout_loops_ring
D:3:      layout_loops_ring, uniq_jessica
D:4:      layout_basic

Skill      XL: |  1  2  3  4  5  6 |
---------------+-------------------+-----
Axes           | 1 2 3 4 |  4.1
Evocations     | 3 4 |  4.2
Fighting       | |  2.0
Maces & Flails | |  3.7
Stealth        | |  1.7
Spellcasting   | |  1.0

Action                     |  1- 3 |  4- 6 || total
---------------------------+-------+-------++-------
  Melee: Mace              |   103 |    63 ||   166
         Halberd           |       |   114 ||   114
         Kick              |       |    14 ||    14
         Tailslap          |       |     4 ||     4
  Throw: Stone             |       |     5 ||     5
  Evoke: Wand              |       |     1 ||     1
    Use: Scroll            |       |     5 ||     5
   Stab: Sleeping          |     2 |       ||     2
 Armour: Leather armour    |    19 |       ||    19
         Scale mail        |    15 |    63 ||    78
  Dodge: Dodged            |    62 |    82 ||   144
  Block: Other             |    14 |    54 ||    68
         Orb               |     2 |    26 ||    28
         Reflection        |       |     4 ||     4

Table legend: (Time is in decaauts)
 A = Elapsed time spent in this place.
 B = Non-inter-level travel time spent in this place.
 C = Inter-level travel time spent in this place.
 D = Time resting spent in this place.
 E = Time spent auto-exploring this place.
 F = Levels seen in this place.
 G = Mean time per level.
                   A        B        C        D        E       F      G
               +--------+--------+--------+--------+--------+-----+--------+
         Total |   3120 |   2950 |    170 |    290 |   1139 |   4 |  780.0 |
       Dungeon |   3120 |   2950 |    170 |    290 |   1139 |   4 |  780.0 |
               +--------+--------+--------+--------+--------+-----+--------+

Top non-repeatable levels by time:
     D:3: 986 daAuts
     D:1: 836 daAuts
     D:2: 778 daAuts
     D:4: 518 daAuts
